 Dungeon Crawl Stone Soup version 0.14-a0-2432-g6b3afca (webtiles) character file.

483714 Kae the Shatterer (level 23, -6/222 HPs)
             Began as a Minotaur Berserker on Feb 2, 2014.
             Was the Champion of Trog.
             Killed by divine providence
             ... invoked by a deep elf high priest
              (13 damage)
             ... on Level 3 of the Elven Halls on Feb 4, 2014.
             The game lasted 03:31:29 (67349 turns).

Kae the Shatterer (Minotaur Berserker)             Turns: 67349, Time: 03:31:30

HP  -6/222       AC 42     Str 29      XL: 23   Next: 36%
MP   8/8         EV 19     Int 16      God: Trog [******]
Gold 5547        SH 37     Dex 19      Spells:  0 memorised, 22 levels left

rFire  + + .     SeeInvis +     s - +6,+5 demon whip of Instant Death {vamp, Contam rC++}
rCold  + + +     Clarity  +     q - +9 crystal plate armour of Claustrophobia {rN+}
rNeg   + + .     Conserve .     O - +2 shield {reflect}
rPois  +         rCorr    .     C - +2 hat "Weaz" {rF+ rC+ SInv}
rElec  .         rRot     .     J - +1 cloak {rPois}
SustAb . .       Spirit   .     h - +1 pair of gloves of the Skies Above {Dex+2 Int+4}
rMut   .         Warding  .     w - +1 pair of boots of Beogh's Wrath {Str+3 Int+2}
Saprov . . .     Stasis   .     x - amulet "Shetacerr" {Clar Int+3 Dam+5}
MR     ++++.                    a - ring "Shoroafo" {rF+ rN+ Str-1 Dex+5 Acc+5 Stlth--}
                                K - ring of protection from magic

@: regenerating, studying Crossbows, mildly poisoned, drained, incredibly
resistant to hostile enchantments, extremely unstealthy
A: retaliatory headbutt, claws 1, horns 2, large bone plates 1, deformed body
a: Burn Spellbooks, Berserk, Trog's Hand, Brothers in Arms, Renounce Religion
}: 3/15 runes: barnacled, silver, gossamer


You were on level 3 of the Elven Halls.
You worshipped Trog.
Trog was exalted by your worship.
You were very hungry.

You visited 7 branches of the dungeon, and saw 46 of its levels.
You visited the Abyss 1 time.
You visited 1 bazaar.
You also visited: Ice Cave and Volcano.

You collected 5547 gold pieces.

Inventory:

Hand weapons
 s - the +6,+5 demon whip of Instant Death (weapon) {vamp, Contam rC++}
   (Trog gifted it to you on level 13 of the Dungeon)

   It inflicts no extra harm, but heals its wielder somewhat when it strikes a
   living foe.
   It greatly protects you from cold.
   It causes magical contamination when unequipped.
 U - the +8,+2 morningstar "Shritaruts" {freeze, rC+}
   (You found it on level 10 of the Dungeon)

   It has been specially enchanted to freeze those struck by it, causing extra
   injury to most foes and up to double damage against particularly susceptible
   opponents.
   It can also slow down cold-blooded creatures.
   It protects you from cold.
Missiles
 E - 15 poisoned tomahawks (quivered)
 H - 14 tomahawks of returning
 N - 12 steel tomahawks
 P - 3 silver tomahawks
Armour
 h - the +1 pair of gloves of the Skies Above (worn) {Dex+2 Int+4}
   (You acquired it on level 2 of the Spider Nest)

   It affects your intelligence (+4).
   It affects your dexterity (+2).
 q - the +9 crystal plate armour of Claustrophobia (worn) {rN+}
   (You found it on level 5 of the Vaults)

   It protects you from negative energy.
 w - the +1 pair of boots of Beogh's Wrath (worn) {Str+3 Int+2}
   (You found it on level 13 of the Dungeon)

   It affects your strength (+3).
   It affects your intelligence (+2).
 C - the +2 hat "Weaz" (worn) {rF+ rC+ SInv}
   (You found it on level 4 of the Vaults)

   It protects you from fire.
   It protects you from cold.
   It enhances your eyesight.
 J - a +1 cloak of poison resistance (worn)
 O - a +2 shield of reflection (worn)
 T - the cursed -2 pair of gloves of the Leaf {+Fly}
   (You found it on level 3 of the Spider Nest)

   It lets you fly.
   It has a curse placed upon it.
Magical devices
 e - a wand of digging (3)
Comestibles
 c - 8 bread rations
 v - 2 meat rations
 z - a snozzcumber
 F - a choko
 L - a royal jelly
Scrolls
 n - 4 scrolls of identify
 o - 2 scrolls of remove curse
 p - 2 scrolls of enchant weapon II
 D - a scroll of recharging
Jewellery
 a - the ring "Shoroafo" (right hand) {rF+ rN+ Str-1 Dex+5 Acc+5 Stlth--}
   (You took it off a merfolk impaler on level 5 of the Shoals)

   [ring of dexterity]

   It affects your dexterity (+5).
   It affects your strength (-1).
   It affects your accuracy with ranged weapons and melee attacks (+5).
   It protects you from fire.
   It protects you from negative energy.
   It makes you much less stealthy.
 b - an uncursed ring of protection from cold
 f - an uncursed ring of see invisible
 g - the ring of Vuir {+Inv rPois Str+2 SInv}
   (You found it on level 5 of the Vaults)

   [ring of strength]

   It affects your strength (+2).
   It protects you from poison.
   It enhances your eyesight.
   It lets you turn invisible.
 k - an uncursed amulet of clarity
 u - an uncursed ring of magical power
 x - the amulet "Shetacerr" (around neck) {Clar Int+3 Dam+5}
   (You took it off a frost giant in an ice cave)

   [amulet of clarity]

   It affects your intelligence (+3).
   It affects your damage with ranged weapons and melee attacks (+5).
 B - an uncursed ring of positive energy
 K - a ring of protection from magic (left hand)
 R - an uncursed ring of protection from magic
 V - a cursed ring of protection from fire
 Y - a +4 ring of protection
Potions
 i - 4 potions of flight
 l - 2 potions of lignification
 m - a potion of speed
 r - a potion of invisibility
 t - 2 potions of resistance
 A - a potion of magic
 G - 3 potions of cure mutation
 I - 9 potions of curing
 M - 2 potions of restore abilities
 S - 2 potions of agility
 X - a potion of might
Books
 Q - a manual of Crossbows
Miscellaneous
 j - a lantern of shadows
 Z - a disc of storms


   Skills:
 + Level 21.7(21.1) Fighting
 * Level 24.3(23.7) Maces & Flails
 + Level 21.3(20.7) Armour
 + Level 20.6(20.0) Dodging
 + Level 18.1(17.6) Shields


You had 22 spell levels left.
You didn't know any spells.

Dungeon Overview and Level Annotations

Branches:
Dungeon (16/16)            Temple (0/1) D:7             Orc (4/4) D:12
    Elf (3/3) Orc:4          Lair (8/8) D:10         Shoals (5/5) Lair:3
 Spider (5/5) Lair:5        Slime (0/6) Lair:6       Vaults (5/5) D:14
  Blade (0/1) Vaults:4      Crypt (0/5) Vaults:3     Depths (0/6) D:16

Altars:
Ashenzari
Elyvilon
Fedhas
Kikubaaqudgha
Makhleb
Okawaru
Sif Muna
Trog
Vehumet
Xom
Yredelemnul
Zin
Beogh

Shops:
D:5 ?   D:7 :   Orc:4 }??%!   Elf:3 [   Shoals:4 (   Vaults:2 %   Vaults:5 (/

Annotations:
Shoals:4 Snorg
Shoals:5 Ilsuiw


Innate Abilities, Weirdness & Mutations

You reflexively headbutt those who attack you in melee.
You have a pair of horns on your head.
You have sharp fingernails.
You are partially covered in large bone plates (AC +2, SH +2).
Armour fits poorly on your strangely shaped body.


Message History

The deep elf demonologist convulses!
The deep elf mage convulses!
The Shadow Fiend calls on the powers of darkness!
The deep elf high priest convulses!
The deep elf sorcerer convulses!
The deep elf demonologist convulses!
The deep elf mage convulses!
The deep elf mage convulses!
The deep elf demonologist convulses!
The deep elf knight convulses!
The deep elf demonologist convulses!
The deep elf annihilator convulses!
The deep elf demonologist convulses!
The deep elf high priest convulses!
The deep elf death mage convulses!
The deep elf blademaster convulses!
The deep elf master archer convulses!
The deep elf knight convulses!
The deep elf annihilator convulses!
Your body is wracked with pain!
* * * LOW HITPOINT WARNING * * *
The deep elf demonologist convulses!
* * * LOW HITPOINT WARNING * * *
You feel sick. The sixfirhy misses you.
The deep elf annihilator casts a spell at you.
The poison arrow misses you.
The deep elf high priest calls down the wrath of its god upon you.
Something smites you!
You die...

+#### ##.).## .#
###e### .##
###*..5.###
..#########
###...3ee.8.#
..(.......#
####5.2.1..1e838
..#########
####e3.e.e........e
..#
##...5..1e5e.ยง#...ee
..#
#....2ee.e..#####.e$
#.# +..@.ee5.1###
###( #.# #...48e4###
# #.#########
##..(..e# ..........#
####4eeee4
###########


##ee.eee #e*eeee #8.*2.e .381.... ....... You could see 2 stone golems, a deep
elf blademaster, 2 Brimstone Fiends, a deep elf master archer, a green death, a
deep elf annihilator, 2 deep elf death magi, a deep elf sorcerer, a sun demon, a
shadow demon, 4 deep elf demonologists, an orange demon, 2 deep elf knights, 2
deep elf high priests, a sixfirhy, 2 blue devils, a deep elf summoner, 2 deep
elf priests, a deep elf fighter (invisible), 4 deep elf magi, a lost soul and 4
ufetubi.

Vanquished Creatures
  Saint Roka (Shoals:3)
  Sojobo (Vaults:5)
  Norris (Shoals:2)
  A golden dragon (Vaults:5)
  An illusory Mara (Vaults:5)
  A bone dragon (Vaults:5)
  A hellephant (Abyss:1)
  Asterion (Elf:3)
  The ghost of mopl the Covert, a mighty DgEn (Elf:3)
  A deep elf blademaster (Elf:3)
  A Shadow Fiend (Abyss:1)
  2 Executioners (Abyss:1)
  A titan (Vaults:5)
  2 sphinxes (Vaults:4)
  Polyphemus (Shoals:4)
  2 liches
  4 storm dragons (Vaults:5)
  Rupert (Vaults:2)
  Kirke (Spider:1)
  4 shadow dragons
  A draconian monk (Abyss:1)
  5 tengu reavers
  Roxanne (Elf:2)
  A corrupter (Abyss:1)
  3 frost giants
  A ghoul (Abyss:1)
  3 deep elf sorcerers
  3 ghost moths (Spider:5)
  Aizul (Elf:1)
  Louise (D:16)
  16 vault wardens
  3 emperor scorpions
  9 tentacled starspawn (Abyss:1)
  An angel (Abyss:1)
  2 balrugs (Abyss:1)
  An orc warlord (Orc:4)
  Jorgrun (Elf:3)
  29 stone giants
  2 reapers (Abyss:1)
  A deep elf demonologist (Orc:4)
  An eidolon (Abyss:1)
  3 blizzard demons (Abyss:1)
  A chaos champion (Abyss:1)
  Azrael (D:14)
  A green death (Abyss:1)
  3 deep elf annihilators
  5 merfolk javelineers (Shoals:5)
  9 ettins
  A minotaur (shapeshifter) (Vaults:5)
  2 deep elf death magi
  36 vault guards
  10 merfolk impalers
  26 yaktaur captains
  2 fire dragons
  4 sirens
  A deep elf high priest (Elf:3)
  A quicksilver dragon zombie (Abyss:1)
  3 great orbs of eyes
  Fannar (D:15)
  10 hydras
  2 ice dragons
  4 merfolk aquamancers
  11 ironheart preservers
  Josephine (Orc:3)
  Nessos (Spider:1)
  An anaconda (shapeshifter) (Vaults:5)
  A ravenous item mimic (Spider:3)
  2 ravenous feature mimics
  12 ogre magi
  2 alligator snapping turtles
  3 satyrs
  4 hell hogs (Abyss:1)
  4 death yaks
  An orc high priest (Vaults:4)
  5 wretched stars (Abyss:1)
  A soul eater (Abyss:1)
  2 thrashing horrors (Abyss:1)
  Urug (D:14)
  21 deep elf knights
  A deep troll earth mage (Vaults:2)
  2 spectral elves (Vaults:2)
  3 naga warriors (Abyss:1)
  A rakshasa (Abyss:1)
  2 iron golems (Vaults:2)
  A spriggan druid (Abyss:1)
  Nergalle (Lair:6)
  10 very ugly things
  An iron troll (Vaults:2)
  3 sun demons (Abyss:1)
  28 centaur warriors
  19 large abominations (Abyss:1)
  2 fire crabs
  A catoblepas (Shoals:4)
  A skeletal warrior (Abyss:1)
  13 sea snakes
  4 spatial maelstroms (Abyss:1)
  An unseen horror (Vaults:1)
  7 deep trolls
  3 giant amoebae
  3 ice devils (Abyss:1)
  A putrid demonspawn (Abyss:1)
  A spectral weapon (Elf:3)
  A giant orange brain (shapeshifter) (Vaults:5)
  An ice statue (IceCv)
  14 harpies
  A gelid demonspawn (Abyss:1)
  8 water nymphs
  A wizard (Vaults:4)
  A lindwurm (shapeshifter) (Vaults:5)
  14 ironbrand convokers
  A human zombie (Vaults:3)
  Joseph (Orc:3)
  8 hill giants
  11 orc knights
  A harpy (shapeshifter) (Vaults:2)
  25 wolf spiders
  10 cyclopes
  A golden dragon skeleton (Vaults:5)
  8 orc sorcerers
  A hellion (Abyss:1)
  A phantasmal warrior (Vaults:5)
  15 deep elf conjurers
  2 stone giant zombies
  2 naga ritualists (Abyss:1)
  9 griffons
  2 flaming corpses (Abyss:1)
  12 red wasps
  4 apocalypse crabs (Abyss:1)
  5 deep dwarf berserkers (Elf:1)
  7 necromancers
  42 starcursed masses (Abyss:1)
  9 vault sentinels
  4 stone golems
  3 elephants (Lair:7)
  3 worldbinders (Abyss:1)
  5 black mambas
  6 sixfirhies (Abyss:1)
  7 drowned souls
  A demonspawn zombie (Abyss:1)
  7 spiny worms
  2 guardian serpents
  A vapour (Vaults:4)
  2 octopodes
  4 orange demons
  11 deep elf summoners
  A guardian serpent (shapeshifter) (Vaults:3)
  A spiny frog (shapeshifter) (Vaults:5)
  13 fauns
  A queen ant (Lair:4)
  11 spiny frogs
  A dire elephant skeleton (Abyss:1)
  A yaktaur (shapeshifter) (Vaults:2)
  10 smoke demons (Abyss:1)
  15 deep elf priests
  32 merfolk
  6 komodo dragons
  An iron devil (Vaults:2)
  56 yaktaurs
  A hellwing (Abyss:1)
  7 demonic crawlers
  2 queen bees
  6 raiju (Abyss:1)
  A mermaid (shapeshifter) (Vaults:1)
  7 mermaids
  2 blue devils (Abyss:1)
  4 naga magi
  A fire drake (Lair:6)
  A tengu conjurer (Vaults:4)
  14 polar bears (IceCv)
  A wind drake (Shoals:5)
  8 ancient zymes (Abyss:1)
  3 centaur skeletons
  36 jumping spiders
  2 polar bears (shapeshifter)
  3 red devils (Abyss:1)
  4 wandering mushrooms (D:9)
  Sonja (Orc:3)
  17 orb spiders
  28 two-headed ogres
  A human simulacrum (Vaults:5)
  2 giant leeches (Abyss:1)
  A wind drake (shapeshifter) (Vaults:5)
  18 blink frogs
  6 snapping turtles
  35 slime creatures
  3 trolls
  A hydra skeleton (D:16)
  2 brown oozes (shapeshifter)
  An ettin zombie (Vaults:3)
  6 boulder beetles
  A bog body (Abyss:1)
  2 ravens (Abyss:1)
  An ice dragon zombie (Abyss:1)
  A flying skull (Abyss:1)
  A formicid (Spider:2)
  55 ugly things
  A black mamba zombie (Abyss:1)
  A vampire (Abyss:1)
  18 tarantellas
  26 trapdoor spiders
  20 humans
  A human skeleton (Vaults:5)
  6 basilisks
  A wraith (Abyss:1)
  47 redbacks
  The ghost of Elizilla the Ruffian, an average TrMo (D:3)
  3 wyverns
  10 sharks
  5 neqoxecs
  7 ynoxinuls (Abyss:1)
  4 shadows
  An air elemental (Vaults:5)
  3 hippogriffs
  8 water elementals
  A tarantella (shapeshifter) (Vaults:5)
  22 deep elf magi
  4 fire elementals
  56 yaks
  3 hogs (Spider:1)
  A clay golem (Elf:3)
  27 wolves
  38 deep elf fighters
  10 soldier ants
  A yaktaur simulacrum (Vaults:1)
  5 chaos spawn
  18 vampire mosquitoes
  A golden eye (Abyss:1)
  9 manticores
  6 spatial vortices (Abyss:1)
  3 hungry ghosts
  3 hell hounds
  5 freezing wraiths
  53 orc warriors
  6 porcupines
  2 swamp drakes (Abyss:1)
  2 mottled dragons (D:14)
  A snapping turtle zombie (Abyss:1)
  3 nagas (Abyss:1)
  15 small abominations
  2 faun zombies (Shoals:4)
  49 centaurs
  2 black bears
  8 ice beasts
  3 phantoms
  5 giant goldfish
  A griffon simulacrum (D:15)
  An ogre (shapeshifter) (Elf:1)
  6 sky beasts
  3 boring beetles
  8 crocodiles
  A fire crab zombie (D:14)
  Duvessa (D:4)
  7 wargs
  9 giant slugs
  Sigmund (D:6)
  An insubstantial wisp (Abyss:1)
  A spiny frog simulacrum (Abyss:1)
  A manticore skeleton (Abyss:1)
  A cyclops zombie (Shoals:4)
  15 water moccasins
  A brain worm (D:12)
  6 agate snails
  A yaktaur skeleton (D:15)
  52 ogres
  A cyclops skeleton (D:9)
  A gnoll sergeant (D:9)
  11 yellow wasps
  2 oklob saplings (D:9)
  3 jellyfish
  5 electric eels
  A goliath beetle (shapeshifter) (Vaults:5)
  Dowan (D:4)
  8 crimson imps
  8 wights
  2 centaur zombies (Vaults:3)
  10 giant frogs
  2 iron imps
  10 jellies
  2 quasits
  Crazy Yiuf (D:6)
  24 orc priests
  4 big fish
  32 spiders
  3 iguanas
  37 worker ants
  33 orc wizards
  Edmund (D:6)
  12 hounds
  13 sheep
  2 grizzly bear simulacra (D:10)
  2 orange rats (Vaults:3)
  41 killer bees
  A sheep (shapeshifter) (Abyss:1)
  A two-headed ogre simulacrum (Orc:3)
  5 boggarts (D:14)
  Terence (D:2)
  2 mummies
  A worker ant zombie (D:5)
  25 adders
  4 eyes of draining
  9 gnolls
  46 green rats
  5 goliath beetles
  3 hound simulacra (D:10)
  3 lemures (Abyss:1)
  A worm zombie (D:7)
  8 giant centipedes
  An inept feature mimic (D:9)
  6 scorpions
  14 white imps
  A giant mite (Lair:3)
  A goliath beetle zombie (D:11)
  6 ufetubi (Abyss:1)
  6 worms
  An adder zombie (D:9)
  An adder skeleton (D:4)
  An iguana skeleton (D:4)
  3 giant eyeballs
  6 giant geckos
  3 oozes
  211 orcs
  3 sheep simulacra (D:10)
  A ball python (Abyss:1)
  5 giant cockroaches
  16 hobgoblins
  20 jackals
  14 kobolds
  11 quokkas
  18 bats
  3 giant newts
  21 goblins
  2 goblin skeletons
  2 hobgoblin skeletons
  An illusory rakshasa (Abyss:1)
  A kobold skeleton (D:4)
  An orc simulacrum (Orc:3)
  2 orc skeletons
  3 orc zombies
  19 rats
  3 rat simulacra (D:10)
  A rat zombie (D:6)
  4 ballistomycetes (D:9)
  3 crawling corpses
  2 fungi
  6 plants
  9 starspawn tentacles (Abyss:1)
2595 creatures vanquished.

Vanquished Creatures (collateral kills)
  An emperor scorpion (Spider:5)
  Harold (Orc:3)
  2 orc knights (Orc:4)
  A red wasp (Spider:5)
  2 wolf spiders (Spider:5)
  A faun (Shoals:4)
  2 water elementals (Shoals:5)
  2 redbacks (Spider:5)
  13 orc warriors
  A centaur (Orc:4)
  8 orcs
34 creatures vanquished.

Vanquished Creatures (others)
  A tengu reaver (Vaults:5)
  A stone giant (Spider:5)
  A death yak (Shoals:4)
  3 hill giants
  A wolf spider (Vaults:5)
  A black mamba (Lair:8)
  16 drowned souls
  A spiny worm (Vaults:5)
  2 orb spiders
  A yaktaur (Abyss:1)
  A two-headed ogre (Shoals:5)
  A deep elf mage (Elf:1)
  A slime creature (D:14)
  A shark (D:15)
  2 yaks (Lair:6)
  A freezing wraith (Vaults:5)
  2 ogres (Shoals:5)
  A spider (Spider:4)
  A worker ant (D:4)
  An orc priest (Shoals:4)
  3 green rats (Lair:6)
  4 orcs
  2 giant spores
  A ballistomycete (Abyss:1)
  3 plants
  17 starspawn tentacles (Abyss:1)
  47 starspawn tentacle segments (Abyss:1)
117 creatures vanquished.

Grand Total: 2746 creatures vanquished

Notes
Turn   | Place    | Note
--------------------------------------------------------------
     0 | D:1      | Kae, the Minotaur Berserker, began the quest for the Orb.
     0 | D:1      | Reached XP level 1. HP: 19/19 MP: 1/1
   304 | D:1      | Reached skill level 4 in Maces & Flails
   363 | D:1      | Reached XP level 2. HP: 24/26 MP: 1/1
   704 | D:2      | Noticed Terence
   715 | D:2      | Killed Terence
   715 | D:2      | Reached skill level 5 in Maces & Flails
   971 | D:2      | Reached XP level 3. HP: 23/31 MP: 2/2
  1209 | D:2      | Acquired Trog's second power
  1470 | D:2      | Found a bloodstained altar of Trog.
  1620 | D:3      | Reached skill level 6 in Maces & Flails
  1620 | D:3      | Reached XP level 4. HP: 22/39 MP: 2/2
  1853 | D:3      | Noticed Elizilla's ghost (average TrMo)
  1863 | D:3      | Killed Elizilla's ghost
  1863 | D:3      | Reached skill level 7 in Maces & Flails
  1863 | D:3      | Reached XP level 5. HP: 35/45 MP: 2/2
  2014 | D:3      | Reached skill level 8 in Maces & Flails
  2223 | D:3      | Reached XP level 6. HP: 39/51 MP: 3/3
  2977 | D:4      | Found a shimmering altar of Xom.
  2977 | D:4      | Found a glowing silver altar of Zin.
  2977 | D:4      | Noticed an angel
  3393 | D:4      | Noticed Duvessa
  3393 | D:4      | Noticed Dowan
  3408 | D:4      | Killed Duvessa
  3408 | D:4      | Reached skill level 9 in Maces & Flails
  3421 | D:4      | Killed Dowan
  3704 | D:4      | Found a shattered altar of Ashenzari.
  3704 | D:4      | Found a white marble altar of Elyvilon.
  3704 | D:4      | Found a bloodstained altar of Trog.
  4010 | D:4      | Reached XP level 7. HP: 42/57 MP: 3/3
  4325 | D:5      | Entered Level 5 of the Dungeon
  4400 | D:5      | Reached skill level 10 in Maces & Flails
  4740 | D:5      | HP: 2/57 [hound (2)]
  5160 | D:5      | Acquired Trog's third power
  5599 | D:5      | Found Bepnoer's Magic Scroll Shoppe.
  5694 | D:5      | HP: 4/85 [orc warrior/orcish flail (5)]
  5696 | D:5      | Reached skill level 11 in Maces & Flails
  6011 | D:5      | Reached XP level 8. HP: 28/64 MP: 3/3
  6742 | D:6      | Reached skill level 12 in Maces & Flails
  7128 | D:6      | Noticed Crazy Yiuf
  7137 | D:6      | Killed Crazy Yiuf
  7546 | D:6      | Noticed Sigmund
  7552 | D:6      | Killed Sigmund
  7552 | D:6      | Reached skill level 13 in Maces & Flails
  7596 | D:6      | Noticed Edmund
  7605 | D:6      | Killed Edmund
  7707 | D:7      | Found an ancient bone altar of Kikubaaqudgha.
  7905 | D:7      | Found Kiel's Book Shoppe.
  8090 | D:7      | Found a staircase to the Ecumenical Temple.
  8401 | D:7      | Reached XP level 9. HP: 70/70 MP: 4/4
  8484 | D:7      | Found a burning altar of Makhleb.
  8485 | D:7      | Found a radiant altar of Vehumet.
  8581 | D:8      | Reached skill level 14 in Maces & Flails
 10296 | D:9      | Reached skill level 5 in Fighting
 10630 | D:9      | Reached skill level 5 in Dodging
 10891 | D:9      | Reached skill level 5 in Armour
 11022 | D:9      | Found a blossoming altar of Fedhas.
 11033 | D:9      | Reached XP level 10. HP: 67/84 MP: 4/4
 11439 | D:10     | Entered Level 10 of the Dungeon
 11702 | D:10     | Found a staircase to the Lair.
 11868 | D:10     | Noticed a necromancer
 11878 | D:10     | Killed a necromancer
 12207 | D:10     | Got a dazzling morningstar
 12218 | D:10     | Identified the +8,+2 morningstar "Shritaruts" {freeze, rC+} (You found it on level 10 of the Dungeon)
 12385 | Lair:1   | Entered Level 1 of the Lair of Beasts
 12495 | Lair:1   | Found a frozen archway.
 12499 | Lair:1   | Received a gift from Trog
 12610 | IceCv    | Entered an ice cave
 12947 | IceCv    | Reached XP level 11. HP: 82/95 MP: 4/4
 12965 | IceCv    | HP: 2/95 [polar bear (8)]
 13040 | IceCv    | Noticed a death yak
 13056 | IceCv    | Killed a death yak
 13461 | IceCv    | Noticed an ice statue
 13771 | IceCv    | Killed an ice statue
 13771 | IceCv    | Reached skill level 10 in Fighting
 13771 | IceCv    | Reached skill level 15 in Maces & Flails
 13853 | IceCv    | Noticed a death yak
 13915 | IceCv    | Killed a death yak
 14231 | IceCv    | Noticed a frost giant
 14307 | IceCv    | Reached skill level 10 in Dodging
 14494 | IceCv    | Killed a frost giant
 14494 | IceCv    | Reached XP level 12. HP: 50/108 MP: 5/5
 14503 | IceCv    | Got a wavering iron amulet
 14818 | Lair:1   | Received a gift from Trog
 14926 | Lair:1   | Reached skill level 10 in Armour
 15175 | Lair:1   | Found a dark tunnel.
 15184 | Lair:1   | Identified the amulet "Shetacerr" {Clar Int+3 Dam+5} (You took it off a frost giant in an ice cave)
 15187 | Volcano  | Entered a volcano
 15940 | Lair:2   | Upgraded the game from 0.14-a0-2381-g4cacdb4 to 0.14-a0-2400-gb2944a8
 16257 | Lair:2   | Found a deep blue altar of Sif Muna.
 16968 | Lair:3   | Found a staircase to the Shoals.
 17267 | Lair:3   | Received a gift from Trog
 18477 | Lair:4   | Received a gift from Trog
 18842 | Lair:5   | Reached XP level 13. HP: 101/119 MP: 5/5
 19007 | Lair:5   | Found a hole to the Spider Nest.
 19683 | Lair:6   | Noticed Nergalle
 19706 | Lair:6   | Killed Nergalle
 19970 | Lair:6   | Reached skill level 16 in Maces & Flails
 20071 | Lair:6   | Received a gift from Trog
 20160 | Lair:6   | Found a staircase to the Slime Pits.
 21439 | Lair:8   | Entered Level 8 of the Lair of Beasts
 21918 | Lair:8   | Received a gift from Trog
 23083 | D:11     | Identified a scroll of acquirement
 23388 | D:11     | Reached XP level 14. HP: 123/132 MP: 5/5
 23793 | D:12     | Found a white marble altar of Elyvilon.
 23804 | D:12     | Noticed an angel
 23870 | D:12     | Reached skill level 1 in Shields
 23872 | D:12     | Received a gift from Trog
 24260 | D:12     | Found a staircase to the Orcish Mines.
 24752 | Orc:1    | Entered Level 1 of the Orcish Mines
 24833 | Orc:1    | Found a roughly hewn altar of Beogh.
 25181 | Orc:2    | Received a gift from Trog
 25431 | Orc:3    | Noticed Joseph
 25454 | Orc:3    | Killed Joseph
 25648 | Orc:3    | Noticed Sonja
 25665 | Orc:3    | Received a gift from Trog
 25677 | Orc:3    | Killed Sonja
 25808 | Orc:3    | Gained mutation: You are partially covered in large bone plates (AC +2, SH +2). [potion of beneficial mutation]
 25885 | Orc:3    | Found a deep blue altar of Sif Muna.
 26061 | Orc:3    | Received a gift from Trog
 26175 | Orc:3    | Noticed Harold
 26183 | Orc:3    | Killed Harold
 26315 | Orc:3    | Noticed Josephine
 26321 | Orc:3    | Killed Josephine
 26615 | Orc:2    | Received a gift from Trog
 27185 | Orc:4    | Entered Level 4 of the Orcish Mines
 27222 | Orc:4    | Found a roughly hewn altar of Beogh.
 27223 | Orc:4    | Noticed an orc warlord
 27237 | Orc:4    | Killed an orc warlord
 27776 | Orc:4    | Received a gift from Trog
 27796 | Orc:4    | Found Uxar's Food Shop.
 27796 | Orc:4    | Found Heutolo's Magic Scroll Emporium.
 27800 | Orc:4    | Found Boneav's Magic Scroll Shoppe.
 27803 | Orc:4    | Found Acraz's Distillery.
 27970 | Orc:4    | Found Ghuadeuh's Gadget Emporium.
 28071 | Orc:4    | Found a staircase to the Elven Halls.
 28891 | D:13     | Reached skill level 5 in Shields
 29173 | D:13     | Got a faintly glowing plate armour
 29174 | D:13     | Identified the -8 plate armour "Ruutryif" {Str+4 Int+3} (You found it on level 13 of the Dungeon)
 29364 | D:13     | Got an uncursed polished great mace
 29365 | D:13     | Identified the +2,+6 great mace of the Stork {crush, rN+ Int+3} (You took it off a centaur warrior on level 13 of the Dungeon)
 29371 | D:13     | Received a gift from Trog
 29378 | D:13     | Found an iron altar of Okawaru.
 29387 | D:13     | Got an ancient demon whip {god gift}
 29388 | D:13     | Identified the +6,+5 demon whip of Instant Death {vamp, Contam rC++} (Trog gifted it to you on level 13 of the Dungeon)
 29419 | D:13     | Got a pair of heavily runed boots
 29421 | D:13     | Got a pair of distressingly furry boots
 29422 | D:13     | Identified the +1 pair of boots of Beogh's Wrath {Str+3 Int+2} (You found it on level 13 of the Dungeon)
 29423 | D:13     | Identified the -5 pair of boots "Zofar" {+Inv rF+} (You found it on level 13 of the Dungeon)
 29919 | D:14     | Paralysed by a giant eyeball for 2 turns
 30365 | D:14     | Reached skill level 15 in Fighting
 30381 | D:14     | Reached XP level 15. HP: 132/141 MP: 6/6
 30399 | D:14     | Found a gate to the Vaults.
 30561 | D:14     | Noticed Azrael
 30583 | D:14     | Killed Azrael
 30639 | D:14     | Noticed Urug
 30647 | D:14     | Killed Urug
 30647 | D:14     | Reached skill level 17 in Maces & Flails
 30683 | D:14     | Received a gift from Trog
 31678 | D:15     | Entered Level 15 of the Dungeon
 32237 | D:15     | Noticed Fannar
 32250 | D:15     | Killed Fannar
 32585 | D:15     | Received a gift from Trog
 33193 | D:16     | Entered Level 16 of the Dungeon
 33226 | D:16     | Noticed Louise
 33234 | D:16     | Killed Louise
 33234 | D:16     | Reached skill level 15 in Armour
 33504 | D:16     | Found a staircase to the Depths.
 33656 | D:16     | Found a magical portal.
 33946 | D:16     | Reached skill level 15 in Dodging
 33957 | D:16     | Received a gift from Trog
 34792 | Spider:1 | Entered Level 1 of the Spider Nest
 34852 | Spider:1 | Noticed Nessos
 34863 | Spider:1 | Killed Nessos
 35005 | Spider:1 | Noticed Kirke
 35020 | Spider:1 | Killed Kirke
 35705 | Spider:1 | Reached XP level 16. HP: 149/151 MP: 6/6
 35985 | Spider:2 | Received a gift from Trog
 36275 | Spider:2 | Got an encrusted plate armour
 36276 | Spider:2 | Identified the +2 plate armour "Qiteraf" {rN+ Dam-4} (You found it on level 2 of the Spider Nest)
 36315 | Spider:2 | Got a pair of distressingly furry gloves
 36316 | Spider:2 | Identified the +1 pair of gloves of the Skies Above {Dex+2 Int+4} (You acquired it on level 2 of the Spider Nest)
 37033 | Spider:3 | Got a pair of crude gloves
 37034 | Spider:3 | Identified the cursed -2 pair of gloves of the Leaf {+Fly} (You found it on level 3 of the Spider Nest)
 37698 | Spider:3 | Received a gift from Trog
 38893 | Spider:4 | Reached skill level 10 in Shields
 39373 | Spider:5 | Entered Level 5 of the Spider Nest
 39389 | Spider:5 | Gained mutation: You have sharp fingernails. [potion of beneficial mutation]
 39881 | Spider:5 | Received a gift from Trog
 40460 | Spider:5 | Received a gift from Trog
 40604 | Spider:5 | Got a gossamer rune of Zot
 40970 | Spider:4 | Reached XP level 17. HP: 160/160 MP: 6/6
 41484 | Shoals:1 | Entered Level 1 of the Shoals
 42205 | Shoals:1 | Received a gift from Trog
 42526 | Shoals:1 | Reached skill level 18 in Maces & Flails
 43344 | Shoals:2 | Noticed Norris
 43380 | Shoals:2 | Killed Norris
 44375 | Shoals:3 | Received a gift from Trog
 44598 | Shoals:4 | Noticed Polyphemus
 44629 | Shoals:4 | Killed Polyphemus
 44792 | Shoals:4 | Noticed Saint Roka
 45211 | Shoals:3 | Killed Saint Roka
 45497 | Shoals:4 | Received a gift from Trog
 45579 | Shoals:4 | Found a deep blue altar of Sif Muna.
 45896 | Shoals:4 | Noticed Snorg
 45998 | Shoals:4 | Found Qioli's Weapon Shop.
 46267 | Shoals:5 | Entered Level 5 of the Shoals
 46562 | Shoals:5 | Reached XP level 18. HP: 164/171 MP: 7/7
 46590 | Shoals:5 | Noticed Ilsuiw
 46958 | Shoals:5 | Received a gift from Trog
 47081 | Shoals:5 | Got a crude golden ring
 47466 | Shoals:5 | Got a barnacled rune of Zot
 47884 | Lair:2   | Identified the ring "Shoroafo" {rF+ rN+ Str-1 Dex+5 Acc+5 Stlth--} (You took it off a merfolk impaler on level 5 of the Shoals)
 48068 | Elf:1    | Entered Level 1 of the Elven Halls
 48703 | Elf:1    | Noticed Aizul
 48712 | Elf:1    | Cast into the Abyss (deep elf sorcerer)
 49134 | Abyss:1  | Received a gift from Trog
 49184 | Abyss:1  | Paralysed by accursed screaming for 1 turns
 49624 | Abyss:1  | Reached skill level 19 in Maces & Flails
 49921 | Abyss:1  | Noticed a Hell Sentinel
 50445 | Abyss:1  | Found a corrupted altar of Lugonu.
 50769 | Abyss:1  | Reached XP level 19. HP: 166/181 MP: 7/7
 51088 | Abyss:1  | Received a gift from Trog
 51297 | Abyss:1  | Paralysed by accursed screaming for 1 turns
 51570 | Abyss:1  | Found a corrupted altar of Lugonu.
 51730 | Abyss:1  | Reached skill level 20 in Maces & Flails
 52602 | Abyss:1  | Paralysed by accursed screaming for 1 turns
 52662 | Abyss:1  | Found a radiant altar of Vehumet.
 52669 | Abyss:1  | Paralysed by you for 7 turns
 53035 | Abyss:1  | Reached skill level 15 in Shields
 53360 | Abyss:1  | Received a gift from Trog
 53366 | Abyss:1  | Reached XP level 20. HP: 191/191 MP: 7/7
 53401 | Abyss:1  | Gained mutation: Armour fits poorly on your strangely shaped body. [a neqoxec]
 53772 | Elf:1    | Escaped the Abyss
 53786 | Elf:1    | Killed Aizul
 53865 | Elf:1    | Received a gift from Trog
 53945 | Elf:1    | Found a bloodstained altar of Trog.
 54259 | D:12     | Upgraded the game from 0.14-a0-2400-gb2944a8 to 0.14-a0-2432-g6b3afca
 54369 | Vaults:1 | Entered Level 1 of the Vaults
 54441 | Vaults:1 | Reached skill level 21 in Maces & Flails
 55281 | Vaults:1 | Received a gift from Trog
 56696 | Vaults:2 | Received a gift from Trog
 56966 | Vaults:2 | Noticed Rupert
 56973 | Vaults:2 | Killed Rupert
 57001 | Vaults:2 | Paralysed by an ogre mage for 3 turns
 57150 | Vaults:2 | Found a white marble altar of Elyvilon.
 57783 | Vaults:2 | Reached XP level 21. HP: 182/201 MP: 8/8
 58232 | Vaults:2 | Found Gafa's Food Boutique.
 58310 | Vaults:3 | Received a gift from Trog
 58585 | Vaults:3 | Found a staircase to the Crypt.
 58585 | Vaults:3 | Found a basalt altar of Yredelemnul.
 58585 | Vaults:3 | Found an ancient bone altar of Kikubaaqudgha.
 58645 | Vaults:3 | Found a flickering gateway to a bazaar.
 58654 | Bazaar   | Entered a bazaar
 58658 | Bazaar   | Found Gynag's Jewellery Boutique.
 58662 | Bazaar   | Gynag's Jewellery Boutique was a mimic.
 58681 | Bazaar   | Found Xeexar's Gadget Shoppe.
 58698 | Bazaar   | Found Ducud's Book Boutique.
 58715 | Bazaar   | Found Cradara's Weapon Emporium.
 58907 | Vaults:3 | Received a gift from Trog
 58907 | Vaults:3 | Reached skill level 22 in Maces & Flails
 59724 | Vaults:3 | Received a gift from Trog
 60572 | Vaults:4 | Received a gift from Trog
 60800 | Vaults:4 | Got a pitted hat
 60804 | Vaults:4 | Identified the +4 hat "Gishreg" {+Inv} (You found it on level 4 of the Vaults)
 60815 | Vaults:4 | Found a radiant altar of Vehumet.
 60833 | Vaults:4 | Got a shimmering hat
 60837 | Vaults:4 | Identified the +2 hat "Weaz" {rF+ rC+ SInv} (You found it on level 4 of the Vaults)
 61380 | Vaults:4 | Received a gift from Trog
 61481 | Vaults:4 | Found a staircase to the Hall of Blades.
 61814 | Vaults:5 | Entered Level 5 of the Vaults
 61814 | Vaults:5 | Noticed Sojobo
 61940 | Vaults:4 | Reached XP level 22. HP: 203/211 MP: 8/8
 61958 | Vaults:5 | Noticed Mara
 62391 | Vaults:5 | Noticed Kae's illusion
 62429 | Vaults:4 | HP: 6/211 [Kae's illusion[Mara] (32)]
 62438 | Vaults:4 | HP: 5/211 [Mara/bolt of fire (10)]
 62881 | Vaults:5 | Reached skill level 23 in Maces & Flails
 62985 | Vaults:5 | Killed Sojobo
 63202 | Vaults:5 | Found Xiac's Weapon Shoppe.
 63242 | Vaults:5 | Received a gift from Trog
 63277 | Vaults:5 | Got a faintly glowing crystal plate armour
 63282 | Vaults:5 | Identified the +9 crystal plate armour of Claustrophobia {rN+} (You found it on level 5 of the Vaults)
 64181 | Vaults:5 | Got a silver rune of Zot
 64658 | Vaults:5 | Received a gift from Trog
 64712 | Vaults:5 | Found Mairhem's Magical Wand Boutique.
 64726 | Vaults:5 | Got a slimy brass ring
 64901 | Vaults:5 | Reached XP level 23. HP: 221/221 MP: 8/8
 64946 | Vaults:5 | Reached skill level 24 in Maces & Flails
 65229 | Vaults:5 | Identified the ring of Vuir {+Inv rPois Str+2 SInv} (You found it on level 5 of the Vaults)
 65844 | Elf:2    | Received a gift from Trog
 66113 | Elf:2    | Noticed Roxanne
 66127 | Elf:2    | Killed Roxanne
 66549 | Elf:2    | Received a gift from Trog
 66710 | Elf:3    | Entered Level 3 of the Elven Halls
 66713 | Elf:3    | Found Detigun's Armour Emporium.
 66720 | Elf:3    | Noticed Asterion
 66752 | Elf:3    | Killed Asterion
 66956 | Elf:3    | Noticed Jorgrun
 66967 | Elf:3    | Killed Jorgrun
 67119 | Elf:3    | Noticed mopl's ghost (mighty DgEn)
 67146 | Elf:3    | Killed mopl's ghost
 67224 | Elf:3    | Received a gift from Trog
 67348 | Elf:3    | HP: 10/222 [Brimstone Fiend/torment[a deep elf demonologist] (5)]
 67349 | Elf:3    | Killed from afar by a deep elf high priest

Action                   |  1- 3 |  4- 6 |  7- 9 | 10-12 | 13-15 | 16-18 | 19-21 | 22-24 || total
-------------------------+-------+-------+-------+-------+-------+-------+-------+-------++-------
Melee: Mace              |    76 |   119 |   211 |       |       |       |       |       ||   406
       Hammer            |       |       |   388 |   133 |       |       |       |       ||   521
       Morningstar       |       |       |       |   690 |  1655 |    66 |       |       ||  2411
       Demon whip        |       |       |       |       |       |  2221 |  2530 |  1106 ||  5857
Invok: Berserk           |     1 |     2 |     3 |     4 |     4 |     3 |     4 |     1 ||    22
       Trog's Hand       |     1 |     1 |     2 |     3 |    10 |    13 |     6 |     4 ||    40
       Burn Spellbooks   |       |       |       |     1 |     2 |     2 |     1 |     2 ||     8
       Brothers in Arms  |       |       |       |       |     4 |     8 |       |       ||    12
Evoke: Wand              |       |       |     3 |     2 |     6 |     5 |     1 |       ||    17
  Use: Potion            |       |     3 |     2 |     1 |     4 |     8 |     2 |     5 ||    25
       Scroll            |       |       |    14 |    17 |    17 |    17 |     3 |    11 ||    79
 Stab: Held in net/web   |       |       |       |       |       |     4 |       |       ||     4
       Distracted        |       |       |       |       |       |     1 |     3 |       ||     4
